Map: 2000 Atmospheres LE

Players

A.I. 1 (Very Easy) - Winner!

  • Race: Protoss Protoss

Heeeby

  • Race: Protoss Protoss
  • League: Diamond

VOD

Have the link to the VOD?

Description

Time

  • Played on: March 2, 2022, 3:39 p.m.
  • Length: 11:47
Show
View Real Time Build Order
Export as new Build Order

A.I. 1 (Very Easy) Protoss - Winner!

Build Orders:  

Get SALT Encoding   

  12  0:00  Probe  
  13  0:13  Probe  
  14  0:19  Pylon  
  14  0:36  Assimilator  
  14  0:42  Gateway  
  14  0:45  Pylon  
  14  1:16  Probe  
  14  1:24  Probe  
  15  1:32  Probe  
  16  1:33  Cybernetics Core  
  17  1:42  Probe  
  18  1:54  Probe  
  18  2:00  Warp Gate  
  19  2:03  Probe  
  20  2:09  Stalker  
  22  4:58  Probe  
  22  5:03  Assimilator, Zealot  
  22  5:04  Robotics Facility  
  22  5:06  Probe  
  25  5:07  Pylon  
  26  5:14  Probe  
  27  5:23  Probe  
  28  5:31  Probe  
  29  5:38  Stalker  
  29  5:41  Pylon  
  29  5:42  Probe  
  24  5:53  Observer  
  24  5:54  Probe  
  24  6:06  Probe, Zealot  
  24  6:10  Observer  
  28  6:18  Probe  
  28  6:21  Nexus  
  29  6:31  Probe  
  30  6:35  Stalker  
  32  7:04  Stalker  
  34  7:32  Probe  
  35  7:41  Assimilator, Probe  
  35  7:44  Assimilator, Probe  
  37  7:55  Probe  
  38  8:02  Probe  
  39  8:09  Probe  
  40  8:16  Probe  
  41  8:24  Probe  
  42  8:27  Probe  
  42  8:31  Stalker  
  45  8:39  Probe  
  44  8:42  Probe  
  41  8:53  Probe  
  42  8:59  Zealot  
  42  9:00  Probe  
  45  9:07  Probe  
  46  9:15  Warp Prism  
  46  9:23  Gateway  
  48  9:27  Robotics Bay  
  48  9:28  Stalker  
  48  9:30  Stargate  
  50  9:35  Pylon  
  50  9:46  Warp Prism  
  52  9:58  Pylon  
  52  10:00  Zealot  
  52  10:05  Gravitic Boosters  
  49  10:13  Gateway  
  49  10:16  Void Ray  
  49  10:22  Observer  
  54  10:44  Observer  
  55  11:04  Zealot  
Show
View Real Time Build Order
Export as new Build Order

Heeeby Protoss 

Build Orders: 1 Gate Expand, Phoenix Opening, Carriers 

Get SALT Encoding   

  12  0:02  Probe  
  14  0:14  Probe  
  14  0:18  Pylon  
  14  0:26  Probe  
  15  0:36  Gateway  
  15  0:38  Probe  
  16  0:46  Assimilator  
  16  0:50  Probe  
  17  1:03  Probe  
  18  1:15  Probe  
  19  1:25  Nexus  
  19  1:36  Cybernetics Core  
  19  1:40  Probe  
  20  1:48  Assimilator  
  20  1:52  Probe  
  21  1:56  Pylon  
  21  2:04  Probe  
  22  2:15  Adept  
  24  2:17  Stargate  
  24  2:26  Probe  
  25  2:38  Probe  
  25  2:39  Probe  
  25  2:40  Warp Gate  
  27  2:45  Assimilator, Adept  
  29  2:52  Probe x2  
  31  3:01  Phoenix (Chrono Boost)  
  31  3:04  Probe x2  
  35  3:16  Probe  
  35  3:17  Assimilator, Probe, Phoenix (Chrono Boost)  
  39  3:29  Probe x2  
  39  3:30  Pylon  
  41  3:47  Fleet Beacon  
  41  3:50  Phoenix (Chrono Boost)  
  43  4:03  Stargate  
  43  4:09  Probe  
  44  4:10  Probe  
  44  4:13  Phoenix (Chrono Boost)  
  47  4:21  Pylon  
  47  4:25  Probe  
  47  4:26  Probe  
  47  4:29  Phoenix (Chrono Boost)  
  51  4:38  Anion Pulse-Crystals  
  51  4:43  Probe x2  
  53  4:49  Pylon  
  53  4:53  Phoenix (Chrono Boost)  
  53  4:58  Phoenix (Chrono Boost)  
  57  5:08  Pylon  
  59  5:26  Probe x2  
  65  5:30  Carrier (Chrono Boost)  
  65  5:38  Probe x2  
  67  5:47  Carrier (Chrono Boost)  
  73  5:53  Probe  
  73  5:54  Probe  
  75  6:00  Nexus  
  75  6:05  Probe  
  75  6:06  Probe  
  75  6:10  Pylon  
  77  6:16  Pylon  
  77  6:18  Probe  
  78  6:28  Probe  
  78  6:29  Twilight Council  
  78  6:30  Probe  
  80  6:32  Protoss Air Weapons Level 1  
  86  6:40  Probe  
  86  6:43  Pylon  
  87  6:48  Shield Battery  
  87  6:51  Carrier (Chrono Boost)  
  87  6:52  Carrier (Chrono Boost)  
  93  7:05  Charge (Chrono Boost)  
  93  7:06  Gateway  
  93  7:10  Gateway  
  93  7:13  Templar Archives  
  93  7:16  Probe x2  
  93  7:17  Probe  
  96  7:28  Probe x2  
  96  7:29  Robotics Facility  
  98  7:31  Pylon  
  98  7:35  Probe  
  98  7:36  Pylon  
  99  7:43  Assimilator  
  99  7:46  Carrier (Chrono Boost)  
  99  7:47  Assimilator  
  105  7:55  Probe x2  
  105  7:56  Probe  
  108  8:05  Carrier (Chrono Boost)  
  108  8:11  Probe  
  115  8:16  Pylon  
  115  8:18  Pylon  
  115  8:25  Observer  
  116  8:31  Zealot x3  
  122  8:39  Carrier (Chrono Boost)  
  128  8:51  Psionic Storm  
  128  8:57  Tempest (Chrono Boost)  
  128  8:59  Gateway  
  128  9:01  Probe x2  
  135  9:06  Gateway  
  135  9:08  Gateway  
  135  9:09  High Templar  
  137  9:10  Pylon, High Templar  
  137  9:12  Pylon  
  137  9:13  Zealot  
  141  9:18  Probe x3  
  141  9:20  Pylon  
  144  9:28  Nexus  
  144  9:30  Pylon  
  144  9:35  Assimilator  
  144  9:38  Assimilator  
  144  9:41  Pylon, Carrier (Chrono Boost)  
  150  9:52  Carrier (Chrono Boost)  
  150  9:56  High Templar  
  158  10:01  High Templar  
  160  10:13  Zealot x4  
  168  10:28  Forge  
  168  10:35  High Templar  
  170  10:36  Zealot, Carrier (Chrono Boost)  
  170  10:37  Zealot  
  180  10:44  High Templar  
  180  10:45  Zealot x2  
  186  10:50  Probe x2  
  186  10:54  Probe x2  
  190  10:58  High Templar  
  190  11:00  Zealot  
  190  11:02  Probe  
  195  11:07  Photon Cannon  
  195  11:09  Photon Cannon  
  195  11:10  Photon Cannon  
  195  11:11  Archon  
  195  11:12  Photon Cannon  
  195  11:26  Probe  
  196  11:33  Pylon  
  196  11:36  Photon Cannon  
  196  11:37  Photon Cannon  
  196  11:38  Photon Cannon  
  196  11:39  Photon Cannon  
  196  11:40  Gateway  
  196  11:41  Photon Cannon  
Tags
 
Add a new tag
Caveats
  • Supply blocks, unpowered buildings, or Contaminate may cause inaccurate times.
  • Supply counts are checked every 10 seconds.